 Dungeon Crawl Stone Soup version 0.26-a0-597-gb535b0901c (webtiles) character file.

Game seed: 3361176424084467882

23137 Flugslaktarn the Fighter (level 12, -8/117 HPs)
             Began as a Minotaur Fighter on Sept 13, 2020.
             Was a Follower of Uskayaw.
             Shot with an arrow by Nessos (14 damage)
             ... on level 14 of the Dungeon.
             The game lasted 00:06:17 (13206 turns).

Flugslaktarn the Fighter (Minotaur Fighter)        Turns: 13206, Time: 00:06:18

Health: -8/117     AC: 17    Str: 28    XL:     12   Next: 69%
Magic:  16/16      EV:  7    Int:  7    God:    Uskayaw [*.....]
Gold:   941        SH: 13    Dex: 12    Spells: 11/11 levels left

rFire    + . .     SeeInvis .   a - +1 war axe
rCold    + . .     Faith    .   c - +0 kite shield
rNeg     . . .     Spirit   .   e - +0 plate armour
rPois    .         Reflect  .   (helmet restricted)
rElec    .         Harm     .   s - scarf {rC+ rF+}
rCorr    .                      J - +1 pair of gloves {archery}
MR       +....                  (no boots)
Stlth    ..........             (no amulet)
HPRegen  0.29/turn              n - +6 ring of strength
MPRegen  0.15/turn              m - ring of protection from magic

@: lethally poisoned (-8 -> -18)
A: retaliatory headbutt, horns 2
a: Stomp, Renounce Religion


You were on level 14 of the Dungeon.
You worshipped Uskayaw.
Uskayaw was noncommittal.
You visited 2 branches of the dungeon, and saw 15 of its levels.
You also visited: Ice Cave.

You collected 989 gold pieces.
You spent 48 gold pieces at shops.

Inventory:

Hand Weapons
 a - a +1 war axe (weapon)
Armour
 b - a +0 scale mail
 c - a +0 kite shield (worn)
 e - a +0 plate armour (worn)
   (You found it on level 5 of the Dungeon)
 s - a scarf of resistance (worn)
   (You found it on level 7 of the Dungeon)
 J - a +1 pair of gloves of archery (worn)
   (You found it on level 12 of the Dungeon)
Jewellery
 f - an uncursed ring of flight
   (You found it on level 4 of the Dungeon)
 k - an uncursed ring of resist corrosion
   (You found it on level 5 of the Dungeon)
 m - a ring of protection from magic (right hand)
   (You found it on level 3 of the Dungeon)
 n - a +6 ring of strength (left hand)
   (You found it on level 13 of the Dungeon)
Wands
 l - a wand of acid (13)
   (You found it on level 3 of the Dungeon)
 G - a wand of paralysis (5)
   (You took it off an orc on level 11 of the Dungeon)
 I - a wand of iceblast (6)
   (You found it on level 12 of the Dungeon)
Scrolls
 r - 2 scrolls of identify
 t - 5 scrolls of teleportation
 u - 3 scrolls of magic mapping
 x - 4 scrolls of remove curse
 y - 2 scrolls of fear
 z - 2 scrolls of blinking
 A - 2 scrolls of enchant weapon
 C - a scroll of silence {unknown}
 D - 3 scrolls of immolation
 F - a scroll of enchant armour
Potions
 d - 4 potions of might
 g - 4 potions of lignification
 h - 3 potions of haste
 i - 3 potions of cancellation
 j - a potion of mutation {unknown}
 o - 2 potions of flight
 p - 2 potions of resistance {unknown}
 q - 4 potions of curing
 v - 2 potions of stabbing {unknown}
 w - 3 potions of heal wounds
 B - 3 potions of berserk rage {unknown}
 E - 2 potions of brilliance {unknown}


   Skills:
 * Level 14.1 Fighting
 * Level 13.7 Axes
 + Level 10.6 Armour
 + Level 10.6 Shields
 + Level 6.8 Invocations


You had 11 spell levels left.
You didn't know any spells.
Your spell library was empty.

Dungeon Overview and Level Annotations

Branches:
Dungeon (14/15)            Temple (1/1) D:7            Lair (0/6) D:9
    Orc (0/2) D:9          Vaults (0/5) D:13          IceCv (visited)

Altars:
Ashenzari
Dithmenos
Elyvilon
Fedhas
Gozag
Kikubaaqudgha
Makhleb
Nemelex Xobeh
Ru
Sif Muna
Trog
Uskayaw
Vehumet
Wu Jian
Xom
Yredelemnul
Zin
The Shining One

Shops:
D:6 }   D:14 *

Annotations:
D:12 3 runed translucent doors, Enasy's ghost, journeyman MiBe
D:14 Nessos


Innate Abilities, Weirdness & Mutations

You reflexively headbutt those who attack you in melee.
You have a pair of horns on your head.


Message History

* * * LOW HITPOINT WARNING * * *
The arrow burns you.
* * * LOW HITPOINT WARNING * * *
You hear a croak.
Evoke which item? (* to show all) (? for menu, Esc to quit)
Aiming: Paralyse
Press: ? - help, Shift-Dir - straight line, f/p - Nessos
Aim: Nessos, wielding a +3 longbow of flaming, wearing a +3 ring mail of fire resistance and quivering 6 arrows (fast, chance to defeat MR: 46%) Nessos resists with some effort.
Nessos blinks!
You feel better.
Nessos shoots an arrow.
You block the arrow.
Nessos shoots an arrow.
You block the arrow.
Evoke which item? (* to show all) (? for menu, Esc to quit)
Aiming: Paralyse
Press: ? - help, Shift-Dir - straight line, f/p - Nessos
Aim: Nessos, wielding a +3 longbow of flaming, wearing a +3 ring mail of fire resistance and quivering 4 arrows (fast, chance to defeat MR: 46%) Nessos resists with some effort.
Nessos shoots an arrow.
The arrow hits you!
* * * LOW HITPOINT WARNING * * *
You are lethally poisoned!
Nessos shoots an arrow.
The arrow hits you!
You die...

###.#######.## ......
............##......
#.#######..(#.c....
####......###.(#......
#.........###.(.......
#.##......#...(...###.
##.##......#...(..$#
...##†.....#...(...#
...##......####.@###
......###### ##.#
#####.# #.# ......#
#.. ......### #...
........# #...
.....##.# #.... #.####
.# #.... ..# #


You could see Nessos (fast).

Vanquished Creatures
  2 vault guards (D:13)
  2 hydras (D:14)
  2 unseen horrors
  2 wizards (D:13)
  A wolf spider zombie (D:13)
  A manticore (D:12)
  5 ugly things
  A cyclops (D:12)
  A deep elf mage (D:12)
  2 slime creatures (D:14)
  A cane toad (shapeshifter) (D:11)
  A gargoyle (D:13)
  A yaktaur (D:13)
  2 centaur skeletons
  A troll (D:11)
  3 hippogriffs
  2 shadows (D:9)
  10 yaks
  A wyvern (D:12)
  19 humans (D:13)
  A wraith (D:13)
  A basilisk (D:11)
  A two-headed ogre zombie (D:9)
  An acid dragon (D:13)
  Duvessa (D:6)
  2 sky beasts (D:12)
  7 ice beasts
  6 orc warriors
  2 black bears
  An eye of draining (D:11)
  6 phantoms
  4 ogres
  2 big kobolds
  9 bullfrogs
  A gnoll sergeant (D:11)
  Dowan (D:6)
  5 scorpions
  6 killer bees (D:13)
  8 wights
  A howler monkey (D:8)
  6 bullfrog zombies
  5 centaur zombies
  7 hounds
  3 jellies
  6 orc priests
  4 orc wizards
  2 bullfrog skeletons
  An iguana (D:5)
  9 worker ants
  7 ogre zombies (D:9)
  A worker ant zombie (D:7)
  5 gnolls (D:11)
  10 adders
  A howler monkey skeleton (D:8)
  A white imp (D:9)
  An ufetubus (D:7)
  2 adder skeletons (D:6)
  An adder zombie (D:6)
  3 worms
  A dart slug (D:2)
  3 leopard geckos
  29 orcs
  3 bats
  7 giant cockroaches
  6 goblins
  2 hobgoblins
  6 jackals
  11 kobolds
  3 quokkas (D:11)
  A ball python skeleton (D:5)
  3 frilled lizards
  2 hobgoblin skeletons (D:9)
  A leopard gecko skeleton (D:5)
  2 leopard gecko zombies (D:5)
  4 orc skeletons (D:9)
  19 orc zombies (D:9)
  A quokka skeleton (D:4)
  A rat (D:2)
306 creatures vanquished.

Notes
Turn   | Place    | Note
-------+----------+-------------------------------------------
     0 | D:1      | Flugslaktarn the Minotaur Fighter began the quest for the
                  | Orb.
     0 | D:1      | Reached XP level 1. HP: 19/19 MP: 0/0
   179 | D:2      | Reached XP level 2. HP: 19/27 MP: 1/1
   286 | D:2      | Reached skill level 4 in Fighting
   373 | D:2      | Reached XP level 3. HP: 28/33 MP: 2/2
   460 | D:3      | Found a bloodstained altar of Trog.
   838 | D:4      | Noticed an ogre
   845 | D:4      | Killed an ogre
   845 | D:4      | Reached skill level 5 in Fighting
   845 | D:4      | Reached XP level 4. HP: 30/42 MP: 3/3
   845 | D:4      | Reached XP level 5. HP: 35/48 MP: 4/4
  1092 | D:4      | Noticed an ogre
  1100 | D:4      | Killed an ogre
  1100 | D:4      | Reached XP level 6. HP: 5/57 MP: 5/5
  1451 | D:4      | Reached skill level 5 in Axes
  1834 | D:5      | Entered Level 5 of the Dungeon
  1991 | D:5      | Reached skill level 6 in Fighting
  1992 | D:5      | Reached skill level 5 in Armour
  2251 | D:5      | Reached skill level 5 in Shields
  2361 | D:5      | Reached XP level 7. HP: 58/64 MP: 6/6
  2753 | D:6      | Noticed Dowan
  2753 | D:6      | Noticed Duvessa
  2763 | D:6      | Killed Dowan
  2763 | D:6      | Reached skill level 7 in Fighting
  2993 | D:6      | Found Inudefol's Gadget Shop.
  3092 | D:6      | Killed Duvessa
  3092 | D:6      | Reached XP level 8. HP: 69/73 MP: 7/7
  3690 | D:7      | Reached skill level 8 in Fighting
  4264 | D:7      | Found a staircase to the Ecumenical Temple.
  4423 | Temple   | Entered the Ecumenical Temple
  4522 | Temple   | Became a worshipper of Uskayaw the Reveler
  4603 | D:8      | Reached skill level 9 in Fighting
  4603 | D:8      | Reached XP level 9. HP: 83/83 MP: 8/8
  4603 | D:8      | Reached * piety under Uskayaw
  4638 | D:8      | Reached ** piety under Uskayaw
  4883 | D:8      | Reached *** piety under Uskayaw
  4887 | D:8      | Reached **** piety under Uskayaw
  4923 | D:8      | Reached skill level 1 in Invocations
  5318 | D:9      | Reached ***** piety under Uskayaw
  5515 | D:9      | Found a blossoming altar of Fedhas.
  5556 | D:9      | Reached skill level 10 in Fighting
  5663 | D:9      | Found a staircase to the Lair.
  5970 | D:9      | Reached ****** piety under Uskayaw
  5986 | D:9      | Reached skill level 10 in Axes
  6001 | D:9      | Found a staircase to the Orcish Mines.
  6221 | D:9      | Reached XP level 10. HP: 92/94 MP: 11/11
  6429 | D:10     | Entered Level 10 of the Dungeon
  7361 | D:11     | Noticed a brown ugly thing
  7374 | D:11     | Killed a brown ugly thing
  7374 | D:11     | Reached skill level 11 in Fighting
  7604 | D:11     | Killed an unseen horror
  7849 | D:11     | Noticed a cyan ugly thing
  7858 | D:11     | Killed a cyan ugly thing
  8364 | D:11     | Noticed a brown ugly thing
  8379 | D:11     | Killed a brown ugly thing
  8379 | D:11     | Reached XP level 11. HP: 56/104 MP: 13/13
  8684 | D:11     | Found a sacrificial altar of Ru.
  8841 | D:12     | Reached skill level 12 in Fighting
  9472 | D:12     | Found a runed translucent gate.
  9472 | D:12     | Found a runed translucent gate.
  9472 | D:12     | Found a runed translucent gate.
  9473 | D:12     | Noticed Enasy's ghost (journeyman MiBe)
  9532 | D:12     | Noticed a deep elf mage
  9540 | D:12     | HP: 5/104 [deep elf mage/stone arrow (15)]
  9541 | D:12     | Killed a deep elf mage
  9541 | D:12     | Reached skill level 5 in Invocations
 10489 | D:13     | Found a frozen archway.
 10532 | IceCv    | Entered an ice cave
 10532 | IceCv    | Noticed a white ugly thing
 10533 | IceCv    | Found a transporter.
 10539 | IceCv    | Killed a white ugly thing
 10607 | IceCv    | Noticed a white ugly thing
 10608 | IceCv    | Found a transporter.
 10624 | D:13     | Killed a white ugly thing
 11288 | D:13     | Reached skill level 13 in Fighting
 11428 | D:13     | Reached XP level 12. HP: 110/115 MP: 15/15
 11524 | D:13     | Reached skill level 10 in Armour
 11524 | D:13     | Reached skill level 10 in Shields
 11642 | D:13     | Found a gate to the Vaults.
 11642 | D:13     | Noticed a vault guard
 11642 | D:13     | Noticed a vault guard
 12037 | D:13     | Killed a vault guard
 12050 | D:13     | Killed a vault guard
 12412 | D:14     | Found Bunousyj's General Store.
 12425 | D:14     | Bought a potion of might for 48 gold pieces
 12590 | D:14     | Noticed a seven-headed hydra
 12602 | D:14     | Killed a ten-headed hydra
 12840 | D:14     | Reached skill level 14 in Fighting
 13047 | D:14     | Noticed a six-headed hydra
 13054 | D:14     | Killed a nine-headed hydra
 13194 | D:14     | Noticed Nessos
 13206 | D:14     | Shot with an arrow by Nessos

Illustrated notes

Levels and vault maps discovered:
D:1:      matt_arrival_refuge, layout_basic
D:2:      layout_rooms, serial_curves, eino_curves_03, eino_curves_04,
          eino_curves_03
D:3:      layout_loops_ring, minmay_overflow_temple_hex, lemuel_altar_in_water
D:4:      layout_cave_pools, nicolae_ossuary_entry_monument
D:5:      layout_basic
D:6:      layout_basic, serial_shops, shop, uniq_duvessa
D:7:      layout_cave_pools, minmay_temple_entry_nine_rooms
D:8:      layout_loops_ring
D:9:      layout_layer_cave, dpeg_oklobed_lair, zombieorc2_lemuel,
          fedhas_altar_2
D:10:     layout_basic
D:11:     kennysheep_blocky_room, layout_irregular_city, enter_bailey_3,
          nicolae_ru_path_of_blood
D:12:     layout_gridville, ebering_ghost_rock_garden
D:13:     layout_small_grid, grunt_vaults_entry_tiered,
          portal_ice_cave_entry_pillars_2
D:14:     layout_basic, serial_shops, nicolae_shop_crystal,
          hangedman_tell_no_tales, uniq_nessos, uniq_jorgrun
Temple:   eino_temple_rhombus

Skill      XL: |  1  2  3  4  5  6  7  8  9 10 11 12 |
---------------+-------------------------------------+-----
Fighting       | 4 5 6 7 9 10 11 13 14 | 14.1
Axes           | 3 4 5 6 8 10 11 12 13 | 13.7
Armour         | 4 5 6 7 8 9 10 | 10.6
Shields        | 4 5 6 7 8 9 10 | 10.6
Invocations    | 3 4 5 6 |  6.8

Action                   |  1- 3 |  4- 6 |  7- 9 | 10-12 || total
-------------------------+-------+-------+-------+-------++-------
Melee: War axe           |    70 |    82 |   306 |   466 ||   924
       Headbutt          |     7 |    14 |    69 |   108 ||   198
Evoke: Wand              |       |       |       |     9 ||     9
  Use: Scroll            |       |    11 |     4 |     6 ||    21
       Potion            |       |       |       |     3 ||     3
 Stab: Paralysed         |       |       |    16 |    74 ||    90
Armor: Scale mail        |    37 |    32 |       |       ||    69
       Plate armour      |       |     9 |   146 |   255 ||   410
Dodge: Dodged            |     7 |    23 |    53 |    87 ||   170
Block: Kite shield       |    35 |    42 |   129 |   251 ||   457

Table legend: (Time is in decaauts)
 A = Elapsed time spent in this place.
 B = Non-inter-level travel time spent in this place.
 C = Inter-level travel time spent in this place.
 D = Time resting spent in this place.
 E = Time spent auto-exploring this place.
 F = Levels seen in this place.
 G = Mean time per level.
                   A        B        C        D        E       F      G
               +--------+--------+--------+--------+--------+-----+--------+
         Total |  13265 |  12844 |    421 |   1320 |   9656 |  16 |  829.1 |
       Dungeon |  13075 |  12686 |    389 |   1320 |   9526 |  14 |  933.9 |
        Temple |    110 |     79 |     31 |      0 |     74 |   1 |  110.0 |
      Ice Cave |     79 |     79 |      0 |      0 |     56 |   1 |   79.0 |
               +--------+--------+--------+--------+--------+-----+--------+

Top non-repeatable levels by time:
    D:12: 1954 daAuts
    D:11: 1665 daAuts
    D:13: 1523 daAuts
     D:9: 1132 daAuts
     D:4: 1031 daAuts
     D:6: 987 daAuts
     D:7: 971 daAuts
    D:14: 785 daAuts
    D:10: 735 daAuts
     D:5: 723 daAuts
     D:8: 718 daAuts
     D:3: 438 daAuts
     D:2: 302 daAuts
  Temple: 110 daAuts
     D:1: 106 daAuts
